 Dungeon Crawl Stone Soup version 0.18-a0-596-g6468885 (webtiles) character file.

44517 4thArraOfDagon the Grappler (level 13, -6/124 HPs)
             Began as a Troll Fighter on Dec 4, 2015.
             Was the Champion of the Shining One.
             Mangled by a redback (10 damage)
             ... summoned by a deep elf summoner
             ... on level 1 of the Elven Halls.
             The game lasted 00:53:08 (10070 turns).

4thArraOfDagon the Grappler (Troll Fighter)        Turns: 10070, Time: 00:53:09

Health: -6/124     AC: 10    Str: 25    XL:     13   Next: 96%
Magic:  0/17       EV: 11    Int:  8    God:    the Shining One [******]
Gold:   1368       SH:  0    Dex:  9    Spells: 5 memorised, 1 level left

rFire  + . .     SeeInvis .       - Unarmed
rCold  + + .     Clarity  +     H - +1 robe {rF+}
rNeg   + + +     SustAt   .     b - +0 shield
rPois  .         Gourm    +     a - +2 hat of the Bear Spirit {Spirit, +Rage rN+ MR++}
rElec  .         Spirit   +     r - +0 cloak
rCorr  .         Dismiss  .     (gloves unavailable)
rMut   .         Rnd*Tele +     (boots unavailable)
MR     ++...                    S - amulet of clarity
Stlth  +.........               (no ring)
                                l - ring of teleportation

@: confused, lethally poisoned (-6 -> -112), exhausted, slowed, glowing, very
slow, very resistant to hostile enchantments, very unstealthy
A: unfitting armour, claws 3, horns 2, icy blue scales 1, cold resistance 2,
fast metabolism 3, gourmand, regeneration 2, shaggy fur 1, tough skin 2, weak 1,
subdued magic 1
a: Divine Shield, Cleansing Flame, Summon Divine Warrior, Brand Weapon With Holy
Wrath, Renounce Religion, Evoke Berserk Rage, Evoke Teleportation


You were on level 1 of the Elven Halls.
You worshipped the Shining One.
The Shining One was exalted by your worship.
You were very full.

You visited 4 branches of the dungeon, and saw 22 of its levels.
You also visited: Ice Cave.

You collected 2229 gold pieces.
You spent 861 gold pieces at shops.

Inventory:

Hand Weapons
 q - a +0 giant spiked club
Missiles
 D - 12 large rocks (quivered)
Armour
 a - the +2 hat of the Bear Spirit (worn) {Spirit, +Rage rN+ MR++}
   (You found it on level 3 of the Orcish Mines)

   It protects you from negative energy.
   It affects your resistance to hostile enchantments.
   It lets you go berserk.
 b - a +0 shield (worn)
 r - a +0 cloak (worn)
 H - a +1 robe of fire resistance (worn)
 I - a troll hide {Snorg}
 N - a +2 hat
Jewellery
 l - a ring of teleportation (left claw)
 S - an amulet of clarity (around neck)
Wands
 h - a wand of frost (20)
 J - a wand of slowing (3)
 K - a wand of slowing (18)
 L - a wand of slowing (14)
Scrolls
 e - 3 scrolls of noise
 f - 2 scrolls of immolation {unknown}
 g - a scroll of enchant armour {unknown}
 i - a scroll of random uselessness {unknown}
 u - 3 scrolls of remove curse
 v - a scroll of fear
 x - 2 scrolls of blinking {unknown}
 y - a scroll of teleportation {unknown}
 z - a scroll of recharging
 B - a scroll of acquirement {unknown}
 M - a scroll of fog
Potions
 n - 2 potions of agility {unknown}
 o - a potion of magic
 s - 2 potions of poison {unknown}
 t - 2 potions of invisibility
 C - a potion of degeneration {unknown}
 E - a potion of berserk rage {unknown}
 F - a potion of might
 O - a potion of ambrosia {unknown}
 P - a potion of lignification
Books
 A - a book of Transfigurations

   Spells                             Type                      Level
   a - Stoneskin                      Transmutation/Earth          2
   b - Irradiate                      Conjuration/Transmutation    5
   c - Statue Form                    Transmutation/Earth          6
   d - Hydra Form                     Transmutation                6
   e - Dragon Form                    Transmutation                7
Miscellaneous
 c - a phial of floods
 G - an ornate deck of wonders
Comestibles
 d - 5 bread rations
 j - a slice of pizza
 m - 5 beef jerkies
 p - a meat ration
 Q - 2 chunks of flesh
 R - a royal jelly


   Skills:
 - Level 7.3 Fighting
 - Level 6.1 Dodging
 + Level 8.8 Shields
 - Level 13.0 Unarmed Combat
 + Level 2.7 Spellcasting
 * Level 4.6 Transmutations
 * Level 6.0 Earth Magic
 - Level 7.3 Invocations
 - Level 6.0 Evocations


You had one spell level left.
You knew the following spells:

 Your Spells              Type           Power        Failure   Level  Hunger
a - Passage of Golubria   Tloc           N/A          100%        4    #####..
b - Repel Missiles        Chrm/Air       #.....       41%         2    ###....
c - Blink                 Tloc           N/A          41%         2    ###....
d - Stoneskin             Trmt/Erth      #.......     2%          2    ###....
e - Statue Form           Trmt/Erth      #........    100%        6    #######


Dungeon Overview and Level Annotations

Branches:
Dungeon (14/15)            Temple (1/1) D:4             Orc (4/4) D:12
    Elf (3/3) Orc:3        Vaults (0/5) D:13
   Lair: D:8-11

Altars:
Ashenzari
Cheibriados
Dithmenos
Elyvilon
Fedhas
Gozag
Kikubaaqudgha
Makhleb
Nemelex Xobeh
Okawaru
Pakellas
Qazlal
Ru
Sif Muna
Trog
Vehumet
Xom
Yredelemnul
Zin
The Shining One
Beogh

Shops:
D:12 ([   Orc:4 :([*(

Annotations:
D:7 Joseph
Elf:2 3 runed doors


Innate Abilities, Weirdness & Mutations

You are too large for most types of armour.
You have claws for hands.
Your metabolism is lightning-fast.
You like to eat raw meat.
You heal very quickly.
You are covered in fur (AC +1).
You have very tough skin (AC +2).
You have a pair of horns on your head.
You are partially covered in icy blue scales (AC +1).
Your flesh is very cold resistant.
You are weak. (Str -2)
Your spells are a little easier to cast, but a little less powerful.


Message History

Unknown command.
Drink which item? (? for menu, Esc to quit)
Okay, then.
Unknown command.
Unknown command.
You're too confused!
You're too confused!
Drink which item? (? for menu, Esc to quit)
It was a potion of magic.
Magic courses through your body.
* * * LOW HITPOINT WARNING * * *
You feel extremely sick. The tarantella bites you.
* * * LOW HITPOINT WARNING * * *
The redback bites you!
* * * LOW HITPOINT WARNING * * *
You are more poisoned.
The redback poisons you! The tarantella bites you!
* * * LOW HITPOINT WARNING * * *
You feel momentarily confused. The redback bites you!
You die...

#. #.| ..# # ..# ####
.#+ #.# .... #.. #.#
#.. #.# ## #s### #.#
#.# ##@# #.# #.# ##s##
#.# #.###s## ###)##
#.#s### ###..#..
#..e..# # #..#####
##.##.# #. #[## #
#....###.######.#
#...............######
#.######.###........##


You could see 2 demonic crawlers, a deep elf summoner, a tarantella and a
redback.

Vanquished Creatures
  An orc warlord (Orc:4)
  Donald (Elf:1)
  Louise (Elf:1)
  A deep elf sorcerer (Elf:3)
  Snorg (Orc:1)
  A deep elf high priest (Elf:2)
  The ghost of axujen the Fighter, a journeyman TeSu of Okawaru (D:11)
  2 centaur warriors
  A dancing weapon (Elf:2)
  4 orc high priests
  5 deep elf knights
  3 skeletal warriors (D:12)
  3 deep elf summoners
  Pikel (D:8)
  A hill giant (D:9)
  4 orc sorcerers
  6 deep elf conjurers
  An orc knight (Orc:4)
  3 cyclopes
  4 ugly things
  Maurice (Orc:4)
  An ice statue (IceCv)
  2 centaur zombies (D:11)
  Psyche (D:9)
  A gargoyle (D:12)
  A kobold demonologist (D:11)
  4 deep elf priests
  2 trolls
  A trapdoor spider zombie (D:10)
  A slime creature (D:13)
  Sigmund (D:6)
  13 deep elf magi
  2 gnoll sergeants
  A hungry ghost (D:7)
  6 yaks (D:9)
  A hippogriff (D:13)
  9 deep elf fighters
  3 wargs
  A steam dragon (D:7)
  A water moccasin (D:11)
  10 ice beasts
  29 orc warriors
  A swamp drake (Orc:3)
  2 slaves (D:8)
  8 ogres
  5 sky beasts
  2 phantoms
  4 centaurs
  A crocodile (D:8)
  8 giant frogs
  3 big kobolds
  A water moccasin zombie (D:5)
  7 killer bees
  4 scorpions
  An electric eel (D:12)
  3 jellies
  3 iguanas
  A wasp zombie (D:9)
  3 giant frog zombies
  5 crimson imps
  6 hounds
  4 centaur skeletons
  20 orc priests
  An iron imp (Orc:3)
  38 orc wizards
  6 worker ants
  A hound zombie (D:5)
  A hound skeleton (D:8)
  9 adders
  6 gnolls
  A river rat (D:8)
  A shadow imp (Orc:3)
  A white imp (Orc:3)
  3 adder skeletons
  2 worms
  4 giant geckos
  204 orcs
  A ball python (D:3)
  9 bats (D:8)
  6 giant cockroaches
  10 goblins
  3 hobgoblins
  16 jackals
  20 kobolds
  3 quokkas
  4 giant newts
  13 rats
  2 crawling corpses (Elf:2)
594 creatures vanquished.

Vanquished Creatures (others)
  2 slaves (D:8)
  2 gnolls (D:8)
  A plant (D:4)
5 creatures vanquished.

Grand Total: 599 creatures vanquished

Notes
Turn   | Place    | Note
--------------------------------------------------------------
     0 | D:1      | 4thArraOfDagon the Troll Fighter began the quest for the Orb.
     0 | D:1      | Reached XP level 1. HP: 22/22 MP: 0/0
   203 | D:3      | Reached XP level 2. HP: 25/29 MP: 1/1
   252 | D:4      | Found a staircase to the Ecumenical Temple.
   268 | D:4      | Reached skill level 3 in Unarmed Combat
   268 | D:4      | Reached XP level 3. HP: 26/36 MP: 2/2
   356 | D:3      | Reached XP level 4. HP: 15/44 MP: 3/3
   435 | Temple   | Entered the Ecumenical Temple
   477 | Temple   | Became a worshipper of the Shining One
   530 | D:4      | Reached skill level 4 in Unarmed Combat
   530 | D:4      | Reached XP level 5. HP: 43/50 MP: 4/4
   608 | D:4      | Noticed a phantom
   636 | D:4      | Killed a phantom
   646 | D:3      | Found a roughly hewn altar of Beogh.
   653 | D:3      | Reached XP level 6. HP: 47/59 MP: 5/5
   882 | D:4      | Reached skill level 5 in Unarmed Combat
   913 | D:5      | Entered Level 5 of the Dungeon
   970 | D:5      | Reached * piety under the Shining One
   995 | D:5      | Reached skill level 1 in Invocations
   995 | D:5      | Reached XP level 7. HP: 53/66 MP: 6/6
  1109 | D:5      | Reached skill level 1 in Evocations
  1502 | D:6      | Noticed Sigmund
  1523 | D:6      | Killed Sigmund
  1553 | D:7      | Reached skill level 6 in Unarmed Combat
  1557 | D:7      | Reached XP level 8. HP: 62/75 MP: 8/8
  1833 | D:8      | Reached ** piety under the Shining One
  1883 | D:7      | Reached skill level 7 in Unarmed Combat
  1887 | D:7      | Noticed Joseph
  2134 | D:8      | Reached XP level 9. HP: 79/84 MP: 10/10
  2155 | D:9      | Noticed Psyche
  2219 | D:8      | Noticed Pikel
  2236 | D:8      | Killed Pikel
  2355 | D:8      | Reached skill level 8 in Unarmed Combat
  2429 | D:8      | Reached skill level 5 in Dodging
  2470 | D:10     | Entered Level 10 of the Dungeon
  2479 | D:9      | Found a deep blue altar of Sif Muna.
  2494 | D:9      | Killed Psyche
  2559 | D:9      | Noticed a hill giant
  2721 | D:9      | Learned a level 4 spell: Passage of Golubria
  2844 | D:9      | Gained mutation: You have a pair of small horns on your head. [mutagenic meat]
  2845 | D:9      | Gained mutation: You are weak. (Str -2) [mutagenic meat]
  2960 | D:9      | Killed a hill giant
  2960 | D:9      | Reached XP level 10. HP: 81/94 MP: 12/12
  3003 | D:9      | Reached skill level 9 in Unarmed Combat
  3149 | D:9      | Reached skill level 5 in Fighting
  3171 | D:9      | Found a snail-covered altar of Cheibriados.
  3180 | D:9      | Found a sacrificial altar of Ru.
  3387 | D:10     | Reached skill level 5 in Invocations
  3476 | D:11     | Noticed axujen's ghost (journeyman TeSu)
  3711 | D:12     | Reached *** piety under the Shining One
  3714 | D:12     | Noticed a centaur warrior
  3724 | D:12     | Killed a centaur warrior
  3755 | D:12     | Noticed a skeletal warrior
  3807 | D:12     | Killed a skeletal warrior
  3807 | D:12     | Reached skill level 10 in Unarmed Combat
  3856 | D:12     | Noticed a skeletal warrior
  4010 | D:12     | Killed a skeletal warrior
  4010 | D:12     | Reached skill level 5 in Shields
  4036 | D:12     | Noticed a skeletal warrior
  4052 | D:12     | Killed a skeletal warrior
  4052 | D:12     | Reached XP level 11. HP: 76/105 MP: 14/14
  4076 | D:12     | Found Yrchas's Armour Shop.
  4076 | D:12     | Found a staircase to the Orcish Mines.
  4180 | D:12     | Found Otom's Weapon Shop.
  4440 | D:13     | Gained mutation: Your flesh is cold resistant. [mutagenic meat]
  4559 | D:13     | Noticed a centaur warrior
  4567 | D:13     | Killed a centaur warrior
  4592 | D:13     | Gained mutation: Your flesh is very cold resistant. [mutagenic meat]
  4593 | D:13     | Gained mutation: You are partially covered in icy blue scales (AC +1). [mutagenic meat]
  4594 | D:13     | Gained mutation: Scrolls take you a little longer to read. [mutagenic meat]
  4595 | D:13     | Gained mutation: You have a pair of horns on your head. [mutagenic meat]
  4597 | D:13     | Lost mutation: Scrolls take you a little longer to read. [mutagenic meat]
  4666 | D:14     | Noticed a wizard
  4668 | D:14     | Noticed a wizard
  4831 | D:12     | Reached skill level 5 in Evocations
  4981 | D:11     | Reached skill level 11 in Unarmed Combat
  5293 | D:10     | Reached **** piety under the Shining One
  5441 | D:11     | Killed axujen's ghost
  5786 | D:13     | Reached XP level 12. HP: 115/115 MP: 15/15
  5890 | D:13     | Found a gate to the Vaults.
  5890 | D:13     | Noticed a vault guard
  5890 | D:13     | Noticed a vault guard
  5890 | D:13     | Noticed a vault guard
  5890 | D:13     | Noticed a vault guard
  5890 | D:13     | Noticed a vault guard
  5891 | D:13     | Noticed a vault guard
  5891 | D:13     | Noticed a vault guard
  6003 | Orc:1    | Entered Level 1 of the Orcish Mines
  6005 | Orc:1    | Paralysed by an orc sorcerer for 4 turns
  6082 | Orc:1    | Noticed Snorg
  6099 | Orc:1    | Killed Snorg
  6106 | Orc:1    | Was placed under penance by the Shining One
  6199 | Orc:2    | Found a roughly hewn altar of Beogh.
  6363 | Orc:1    | Found a roughly hewn altar of Beogh.
  6709 | Orc:3    | Was forgiven by the Shining One
  6925 | Orc:3    | Found a staircase to the Elven Halls.
  7149 | Orc:3    | Learned a level 2 spell: Repel Missiles
  7152 | Orc:3    | Learned a level 2 spell: Blink
  7371 | Orc:4    | Entered Level 4 of the Orcish Mines
  7405 | Orc:4    | Found a frozen archway.
  7414 | IceCv    | Entered an ice cave
  7427 | IceCv    | Reached skill level 12 in Unarmed Combat
  7622 | Orc:4    | Noticed Maurice
  7638 | Orc:4    | Killed Maurice
  7694 | Orc:4    | Found a roughly hewn altar of Beogh.
  7732 | Orc:4    | Found Kunlatoto's Weapon Shoppe.
  7897 | Orc:4    | Found a roughly hewn altar of Beogh.
  7988 | Orc:4    | Found a roughly hewn altar of Beogh.
  7988 | Orc:4    | Found Jastrerish's General Store.
  7996 | Orc:4    | Bought a scroll of identify for 26 gold pieces
  7997 | Orc:4    | Bought a potion of heal wounds for 65 gold pieces
  8035 | Orc:4    | Found a roughly hewn altar of Beogh.
  8053 | Orc:4    | Found Litz's Book Shop.
  8066 | Orc:4    | Bought a book of Transfigurations for 770 gold pieces
  8073 | Orc:4    | Learned a level 2 spell: Stoneskin
  8258 | Orc:4    | Reached ***** piety under the Shining One
  8304 | Orc:4    | Reached skill level 1 in Earth Magic
  8310 | Orc:4    | Found a roughly hewn altar of Beogh.
  8352 | Orc:4    | Noticed an orc warlord
  8367 | Orc:4    | Reached skill level 1 in Transmutations
  8380 | Orc:4    | Killed an orc warlord
  8450 | Orc:4    | Reached XP level 13. HP: 97/124 MP: 12/17
  8494 | Orc:4    | Reached skill level 1 in Spellcasting
  8569 | Orc:4    | Found Sippouc's Antique Armour Shop.
  8570 | Orc:4    | Found a roughly hewn altar of Beogh.
  8573 | Orc:4    | Found Eklo Waar's Antique Weapon Boutique.
  8756 | Elf:1    | Entered Level 1 of the Elven Halls
  8908 | Elf:1    | Noticed Louise
  8941 | Elf:1    | Killed Louise
  8979 | Elf:1    | Found a radiant altar of Vehumet.
  8997 | Elf:3    | Entered Level 3 of the Elven Halls
  9084 | Elf:3    | Reached skill level 13 in Unarmed Combat
  9375 | Elf:3    | Noticed a deep elf sorcerer
  9392 | Elf:3    | Gained mutation: Your spells are a little easier to cast, but a little less powerful. [a neqoxec]
  9393 | Elf:3    | Killed a deep elf sorcerer
  9413 | Elf:3    | Learned a level 6 spell: Statue Form
  9431 | Elf:3    | Noticed a deep elf sorcerer
  9628 | Elf:3    | Reached skill level 5 in Earth Magic
  9688 | Elf:2    | Found a runed gate.
  9688 | Elf:2    | Found a runed gate.
  9689 | Elf:2    | Found a runed gate.
  9768 | Elf:2    | Found a sparkling altar of Nemelex Xobeh.
 10007 | Elf:2    | Reached ****** piety under the Shining One
 10026 | Elf:1    | Noticed Donald
 10043 | Elf:1    | Killed Donald
 10070 | Elf:1    | HP: 4/124 [tarantella[a deep elf summoner] (7)]
 10070 | Elf:1    | Mangled by a redback

Vault maps used:
D:1:      minmay_arrival_four_circles, bh_walls_and_bars
D:2:      first_bread, grunt_pakellas_salt
D:3:      kennysheep_orc_chapel
D:4:      kennysheep_the_goblin_king, minmay_temple_entry_overgrown
D:6:      kennysheep_six_static_rooms, minmay_hedge_maze,
          kennysheep_cluttered_room, uniq_sigmund
D:7:      serial_bayou_pond_c, uniq_joseph
D:8:      grunt_lair_entry_elf_guard_hut, grunt_livestock,
          hangedman_abyss_or_decor_stabs, uniq_pikel
D:9:      grunt_temple_overflow_open, serial_column_ruins,
          column_ruins_temple_hall, column_ruins_hut, column_ruins_open_large,
          column_ruins_columns_water, column_ruins_open_tiny,
          column_ruins_corridor_corner, column_ruins_corridor_T, uniq_psyche
D:10:     serial_shops, shop_coins
D:11:     nicolae_two_hexagons, minmay_misc_feat_diagonals, kennysheep_diamond,
          hangedman_decor_riveting
D:12:     orc_david_3
D:13:     erik_vaults_2
D:14:     minmay_holes, minmay_st_funbox, uniq_urug
Temple:   kilobyte_greek_temple_18
Orc:1:    basic_altar, abandoned_shop, uniq_snorg
Orc:2:    basic_altar
Orc:3:    minmay_goldmine, nicolae_orc_pool_cavern, hangedman_minor_magic
Orc:4:    grunt_orc_community_town_hall, grunt_orc_community_big_house_1,
          grunt_orc_community_big_house_2, grunt_orc_community_house_2,
          grunt_orc_community_house_2, grunt_orc_community_house_2,
          grunt_orc_community_house_3, serial_shops,
          nicolae_shop_window_shopping, portal_ice_cave_entry_pillars_02,
          bh_open_orc_temple, uniq_maurice
Elf:1:    eino_elf_arrival_shootout, minmay_elf_crystal_hexagon,
          lemuel_statue_altar, uniq_agnes, uniq_donald, uniq_frances,
          uniq_louise
Elf:2:    minmay_misc_feat_ornament, grunt_ministairs_11, nemelex_altar_shiori
Elf:3:    grunt_elf_hall_spiral, uniq_saint_roka
IceCv:    ice_cave_statue_garden_02

Action                   |  1- 3 |  4- 6 |  7- 9 | 10-12 | 13-15 || total
-------------------------+-------+-------+-------+-------+-------++-------
Melee: Unarmed           |    58 |   104 |   306 |   964 |   287 ||  1719
Throw: Large rock        |       |       |       |     8 |       ||     8
Invok: Divine Shield     |       |       |       |     8 |       ||     8
 Abil: Evoke Teleportati |       |       |     2 |       |       ||     2
       Evoke Berserk Rag |       |       |       |     3 |     3 ||     6
Evoke: Wand              |       |       |       |     2 |       ||     2
  Use: Scroll            |       |     5 |     3 |     6 |       ||    14
       Potion            |       |       |     2 |     2 |     5 ||     9
  Eat: Chunk             |     8 |     7 |    22 |    63 |    17 ||   117
